 Dungeon Crawl Stone Soup version 0.28-a0-1447-ga5a8893891 (webtiles) character file.

Game seed: 12218623501339097259

457 HallandMoats the Skirmisher (level 7, -2/60 HPs)
             Began as a Ghoul Brigand on Jan 12, 2022.
             Was an Initiate of Makhleb.
             Slain by a wyvern skeleton (9 damage)
             ... on level 5 of the Dungeon.
             The game lasted 00:05:46 (4157 turns).

HallandMoats the Skirmisher (Ghoul Brigand)         Turns: 4157, Time: 00:05:46

Health: -2/60      AC:  8    Str: 17    XL:     7   Next: 6%
Magic:  6/6        EV: 10    Int:  6    God:    Makhleb [......]
Gold:   222        SH:  0    Dex: 10    Spells: 6/6 levels left

rFire   . . .      SeeInvis .   b - +3 short sword
rCold   + . .      Faith    .   (no shield)
rNeg    + + +      Spirit   .   q - +0 scale mail
rPois   ∞          Reflect  .   f - +0 helmet
rElec   .          Harm     .   c - +0 cloak
rCorr   .          Rampage  .   (no gloves)
Will    .....                   (no boots)
Stlth   +.........              (no amulet)
HPRegen 0.00/turn               (no ring)
MPRegen 0.10/turn               (no ring)

@: inhibited regen
A: claws 1, cold resistance 1, negative energy resistance 3, inhibited
regeneration, torment resistance 2
a: Renounce Religion


You were on level 5 of the Dungeon.
You worshipped Makhleb.
Makhleb was noncommittal.
You visited 2 branches of the dungeon, and saw 6 of its levels.

You collected 222 gold pieces.

Inventory:

Hand Weapons
 a - a +2 dagger
 b - a +3 short sword (weapon)
Missiles
 d - 24 poisoned darts (quivered)
 l - a curare-tipped dart
Armour
 c - a +0 cloak (worn)
 f - a +0 helmet (worn)
 q - a +0 scale mail (worn)
Wands
 p - a wand of iceblast (9)
Scrolls
 e - 2 scrolls of enchant armour {unknown}
 h - 2 scrolls of teleportation {unknown}
 j - a scroll of acquirement {unknown}
 k - a scroll of silence {unknown}
 o - a scroll of identify {unknown}
 r - 2 scrolls of magic mapping {unknown}
Potions
 g - a potion of resistance {unknown}
 i - a potion of heal wounds {unknown}
 m - a potion of flight {unknown}
 n - 2 potions of curing


   Skills:
 * Level 4.9 Fighting
 * Level 4.1 Short Blades
 - Level 1.7 Throwing
 + Level 2.3 Armour
 + Level 2.5 Dodging
 - Level 4.3 Stealth


You had 6 spell levels left.
You didn't know any spells.
Your spell library contained the following spells:

 Spells                   Type           Power      Damage    Failure   Level
 Call Canine Familiar     Summ           0%         N/A       99%         3
 Conjure Flame            Conj/Fire      0%         6-21      99%         3
 Ignite Poison            Fire/Tmut/Pois 0%         N/A       99%         3
 Portal Projectile        Hex/Tloc       0%         N/A       99%         3
 Leda's Liquefaction      Hex/Erth       0%         N/A       100%        4
 Sticky Flame             Conj/Fire      0%         2d3       100%        4


Dungeon Overview and Level Annotations

Branches:
Dungeon (5/15)             Temple (1/1) D:4

Altars:
Ashenzari
Cheibriados
Dithmenos
Elyvilon
Fedhas
Gozag
Hepliaklqana
Kikubaaqudgha
Makhleb
Nemelex Xobeh
Okawaru
Qazlal
Ru
Sif Muna
Trog
Uskayaw
Vehumet
Wu Jian
Xom
Yredelemnul
Zin
The Shining One


Innate Abilities, Weirdness & Mutations

You thrive by killing the living.
You are immune to poison.
You have sharp fingernails.
Your flesh is cold resistant. (rC+)
You are immune to negative energy. (rN+++)
You do not regenerate when monsters are visible.
You are immune to unholy pain and torment.


Message History

The black bear claws you but does no damage.
You puncture the black bear!
You kill the black bear!
Makhleb accepts your kill.
You feel better.
Your Short Blades skill increases to level 4!
You have reached level 7!
You hit the wyvern skeleton.
The wyvern skeleton is lightly damaged.
The wyvern skeleton bites you! x2
Unknown command.
You hit the wyvern skeleton.
The wyvern skeleton is lightly damaged.
The wyvern skeleton barely misses you.
Unknown command.
You hit the wyvern skeleton.
The wyvern skeleton is moderately damaged.
The wyvern skeleton bites you.
Unknown command.
You are too injured to fight recklessly!
Unknown command.
You are too injured to fight recklessly!
Unknown command.
You are too injured to fight recklessly!
Unknown command.
You are too injured to fight recklessly!
Unknown command.
You are too injured to fight recklessly!
Unknown command.
You are too injured to fight recklessly!
You hit the wyvern skeleton.
The wyvern skeleton is moderately damaged.
The wyvern skeleton bites you!
* * * LOW HITPOINT WARNING * * *
The wyvern skeleton bites you but does no damage.
The wyvern skeleton bites you!
* * * LOW HITPOINT WARNING * * *
There is a stone staircase leading up here.
The wyvern skeleton bites you!
You die...

.. ##. ###. ..# #
... #.#.#
#†###.#.#
#.......#
#####.### ##...##
###Z....##
#.@......#
..................
######........####
#.#.....##
#.......#
#..####.# #.. .#
##. .#


You could see a wyvern skeleton.

Vanquished Creatures
  A black bear (D:5)
  A sky beast (D:3)
  An ogre (D:4)
  An iguana (D:4)
  Robin (D:2)
  5 adders
  An ufetubus (Temple)
  An adder skeleton (D:4)
  2 worms (D:3)
  3 dart slugs
  6 orcs
  9 endoplasms
  2 giant cockroaches
  14 goblins
  11 hobgoblins
  A quokka (D:1)
  9 ball pythons
  9 bats
  5 frilled lizards
  4 kobolds
  3 rats
90 creatures vanquished.

Notes
Turn   | Place    | Note
-------+----------+-------------------------------------------
     0 | D:1      | HallandMoats the Ghoul Brigand began the quest for the Orb.
     0 | D:1      | Reached XP level 1. HP: 17/17 MP: 0/0
    27 | D:1      | Reached skill level 1 in Dodging
   158 | D:1      | Reached XP level 2. HP: 25/25 MP: 1/1
  1202 | D:2      | Reached XP level 3. HP: 30/30 MP: 2/2
  1303 | D:2      | Noticed Robin
  1326 | D:2      | Reached skill level 1 in Armour
  1350 | D:2      | Reached XP level 4. HP: 15/38 MP: 3/3
  1365 | D:2      | Killed Robin
  2162 | D:3      | Noticed a sky beast
  2189 | D:3      | Killed a sky beast
  2190 | D:3      | Reached XP level 5. HP: 32/46 MP: 4/4
  3016 | D:4      | Reached XP level 6. HP: 45/52 MP: 5/5
  3087 | D:4      | Found a bloodstained altar of Trog.
  3099 | D:4      | Found an ornate altar of the Wu Jian Council.
  3411 | D:4      | Found a staircase to the Ecumenical Temple.
  3442 | Temple   | Entered the Ecumenical Temple
  3602 | Temple   | Became a worshipper of Makhleb the Destroyer
  3963 | D:4      | Found a hide-covered altar of Uskayaw.
  3964 | D:4      | Found a stormy altar of Qazlal.
  4126 | D:5      | Entered Level 5 of the Dungeon
  4135 | D:5      | Noticed a black bear
  4146 | D:5      | Killed a black bear
  4147 | D:5      | Reached XP level 7. HP: 53/60 MP: 6/6
  4157 | D:5      | Slain by a wyvern skeleton

Illustrated notes

Levels and vault maps discovered:
D:1:      minmay_arrival_shattered_statue, layout_basic
D:2:      layout_basic, uniq_robin
D:3:      layout_loops_ring
D:4:      layout_cave_pools, minitemple, gammafunk_temple_overflow_statue,
          minmay_temple_entry_tees, roderic_roman_lattice
D:5:      layout_loops_cross, uniq_blork_the_orc
Temple:   regret_index_temple_mists

Skill      XL: |  1  2  3  4  5  6 |
---------------+-------------------+-----
Dodging        | 1 2 |  2.5
Short Blades   | 2 3 4 |  4.1
Fighting       | 3 4 |  4.9
Armour         | 1 2 |  2.3
Throwing       | |  1.7
Stealth        | |  4.3

Action                   |  1- 3 |  4- 6 |  7- 9 || total
-------------------------+-------+-------+-------++-------
Melee: Dagger            |   115 |     5 |       ||   120
       Punch             |     2 |     4 |       ||     6
       Short sword       |       |   158 |     4 ||   162
Throw: Dart              |    10 |    17 |       ||    27
 Stab: Sleeping          |     6 |     4 |       ||    10
Armor: Robe              |    38 |       |       ||    38
       Ring mail         |    33 |    46 |       ||    79
       Scale mail        |       |    30 |     1 ||    31
Dodge: Dodged            |    77 |   102 |     1 ||   180

Table legend: (Time is in decaauts)
 A = Elapsed time spent in this place.
 B = Non-inter-level travel time spent in this place.
 C = Inter-level travel time spent in this place.
 D = Time resting spent in this place.
 E = Time spent auto-exploring this place.
 F = Levels seen in this place.
 G = Mean time per level.
                   A        B        C        D        E       F      G
               +--------+--------+--------+--------+--------+-----+--------+
         Total |   4185 |   4043 |    142 |      0 |   3298 |   6 |  697.5 |
       Dungeon |   3949 |   3852 |     97 |      0 |   3133 |   5 |  789.8 |
        Temple |    235 |    191 |     44 |      0 |    165 |   1 |  235.0 |
               +--------+--------+--------+--------+--------+-----+--------+

Top non-repeatable levels by time:
     D:2: 1264 daAuts
     D:3: 962 daAuts
     D:4: 942 daAuts
     D:1: 751 daAuts
  Temple: 235 daAuts
     D:5: 29 daAuts
